TOP OF THE 1ST |
San Diego Padres batting - Pitching for Cincinnati Reds : LHP Dave Rivera
|
Pitching: LHP Dave Rivera
|
|
Batting: RHB Hildo Pot
|
0-0: Ball 1-0: Ball 2-0: Called Strike 2-1: Swinging Strike 2-2: Foul Ball, location: 2F 2-2: Ball 3-2: Strikes out swinging
|
Batting: RHB C.J. Beavers
|
0-0: Called Strike 0-1: Ball 1-1: Called Strike 1-2: Ball 2-2: Foul Ball, location: 2F 2-2: Strikes out looking
|
Batting: RHB Kaeo Zirpoli
|
0-0: Called Strike 0-1: Foul Ball, location: 2F 0-2: Strikes out looking
|
Top of the 1st over - 0 runs, 0 hits, 0 errors, 0 left on base; San Diego 0 - Cincinnati 0 |
BOTTOM OF THE 1ST |
Cincinnati Reds batting - Pitching for San Diego Padres : LHP Larry Tuckfard
|
Pitching: LHP Larry Tuckfard
|
|
Batting: RHB Willie Lazcano
|
0-0: Called Strike 0-1: Ground out 4-3 (Groundball, 4, EV 75.6 MPH)
|
Batting: RHB Mike Alm
|
0-0: Ball 1-0: Ball 2-0: Called Strike 2-1: Swinging Strike 2-2: Ball 3-2: Strikes out looking
|
Batting: SHB Jun Tsuda
|
0-0: Foul Ball, location: 2F 0-1: Ball 1-1: Ball 2-1: Called Strike 2-2: Strikes out swinging
|
Bottom of the 1st over - 0 runs, 0 hits, 0 errors, 0 left on base; San Diego 0 - Cincinnati 0 |
TOP OF THE 2ND |
San Diego Padres batting - Pitching for Cincinnati Reds : LHP Dave Rivera
|
Batting: RHB Hugo Bautista
|
0-0: Called Strike 0-1: Called Strike 0-2: Ball 1-2: Ball 2-2: Strikes out swinging
|
Batting: RHB Luis Torres
|
0-0: Ball 1-0: Called Strike 1-1: SINGLE (Groundball, 34D, EV 108.8 MPH)
|
Batting: LHB Kevin Bellman
|
0-0: Ball 1-0: Ball 2-0: Ball 3-0: Swinging Strike 3-1: Base on Balls Luis Torres to second
|
Batting: RHB Drtian Thaqi
|
0-0: Ball 1-0: Foul Ball, location: 2F 1-1: Ball 2-1: DOUBLE (Line Drive, 9LM, EV 102.5 MPH) Luis Torres scores Kevin Bellman to third
|
Batting: RHB Jared Speck
|
0-0: Foul Ball, location: 2F 0-1: Ball 1-1: Ball 2-1: Ball 3-1: Called Strike 3-2: Base on Balls
|
Batting: RHB Billy Crookston
|
0-0: SINGLE (Groundball, 6MS, EV 84.4 MPH) (infield hit) Kevin Bellman scores Drtian Thaqi to third Jared Speck to second
|
Batting: RHB Hildo Pot
|
0-0: Called Strike 0-1: Ball 1-1: Called Strike 1-2: Fly out, F8 (Flyball, 89M, EV 88.1 MPH) Runner from 3rd tags up, SCORES, throw by CF Jared Speck to third
|
Batting: RHB C.J. Beavers
|
0-0: Ball 1-0: Foul Ball, location: 2F 1-1: Ground out 1-3 (Groundball, 15S, EV 65.6 MPH)
|
Top of the 2nd over - 3 runs, 3 hits, 0 errors, 2 left on base; San Diego 3 - Cincinnati 0 |
BOTTOM OF THE 2ND |
Cincinnati Reds batting - Pitching for San Diego Padres : LHP Larry Tuckfard
|
Batting: LHB Chris Grunwald
|
0-0: Called Strike 0-1: Swinging Strike 0-2: Foul Ball, location: 2F 0-2: Foul Ball, location: 2F 0-2: Ball 1-2: Ball 2-2: Strikes out swinging
|
Batting: LHB Evan Torraville
|
0-0: Ball 1-0: Fly out, F8 (Flyball, 8RS, EV 81.9 MPH)
|
Batting: RHB Juan Reyes
|
0-0: Swinging Strike 0-1: Ball 1-1: Swinging Strike 1-2: Strikes out looking
|
Bottom of the 2nd over - 0 runs, 0 hits, 0 errors, 0 left on base; San Diego 3 - Cincinnati 0 |
TOP OF THE 3RD |
San Diego Padres batting - Pitching for Cincinnati Reds : LHP Dave Rivera
|
Batting: RHB Kaeo Zirpoli
|
0-0: Ball 1-0: Called Strike 1-1: Ball 2-1: Swinging Strike 2-2: Ball 3-2: Base on Balls
|
Batting: RHB Hugo Bautista
|
0-0: Called Strike 0-1: Foul Ball, location: 2F 0-2: Ball 1-2: Ball 2-2: Ball 3-2: SINGLE (Groundball, 56D, EV 102.5 MPH) Kaeo Zirpoli to second
|
Batting: RHB Luis Torres
|
0-0: Foul Ball, location: 2F 0-1: Fly out, F9 (Flyball, 9D, EV 94.4 MPH) Runner from 2nd tags up, SAFE at 3rd, no throw by RF
|
Batting: LHB Kevin Bellman
|
0-0: Called Strike 0-1: Called Strike 0-2: Strikes out looking
|
Batting: RHB Drtian Thaqi
|
0-0: Ball 1-0: Ball 2-0: Ball 3-0: Called Strike 3-1: Base on Balls Hugo Bautista to second
|
Batting: RHB Jared Speck
|
0-0: Ball 1-0: Ball 2-0: Ball 3-0: SINGLE (Groundball, 56S, EV 73.8 MPH) (infield hit) Kaeo Zirpoli scores Hugo Bautista to third Drtian Thaqi to second
|
Batting: RHB Billy Crookston
|
0-0: Called Strike 0-1: Foul Ball, location: 2F 0-2: Ball 1-2: Strikes out swinging
|
Top of the 3rd over - 1 run, 2 hits, 0 errors, 3 left on base; San Diego 4 - Cincinnati 0 |
BOTTOM OF THE 3RD |
Cincinnati Reds batting - Pitching for San Diego Padres : LHP Larry Tuckfard
|
Batting: RHB Fred Slade
|
0-0: Ground out 6-3 (Groundball, 6M, EV 100.0 MPH)
|
Batting: RHB Omar Quintana
|
0-0: Called Strike 0-1: Called Strike 0-2: Fly out, F7 (Flyball, 78M, EV 83.1 MPH)
|
Batting: SHB Saulo Maina
|
0-0: Ball 1-0: Foul Ball, location: 2F 1-1: Ball 2-1: Ball 3-1: Foul Ball, location: 2F 3-2: SINGLE (Flyball, 8RS, EV 96.9 MPH)
|
Batting: RHB Willie Lazcano
|
0-0: Ball 1-0: Ground out 4-3 (Groundball, 34, EV 97.5 MPH)
|
Bottom of the 3rd over - 0 runs, 1 hit, 0 errors, 1 left on base; San Diego 4 - Cincinnati 0 |
TOP OF THE 4TH |
San Diego Padres batting - Pitching for Cincinnati Reds : LHP Dave Rivera
|
Batting: RHB Hildo Pot
|
0-0: SINGLE (Groundball, 6M, EV 106.9 MPH) (infield hit)
|
Batting: RHB C.J. Beavers
|
0-0: Ball 1-0: Sac Bunt to 2L - play at first, batter OUT! 2-3 Hildo Pot to second
|
Batting: RHB Kaeo Zirpoli
|
0-0: Swinging Strike 0-1: Ball 1-1: Foul Ball, location: 2F 1-2: Ball 2-2: Ball 3-2: Ground out 5-3 (Groundball, 5S, EV 76.2 MPH)
|
Batting: RHB Hugo Bautista
|
0-0: Foul Ball, location: 2F 0-1: Ball 1-1: Ground out 6-3 (Groundball, 6, EV 102.5 MPH)
|
Top of the 4th over - 0 runs, 1 hit, 0 errors, 1 left on base; San Diego 4 - Cincinnati 0 |
BOTTOM OF THE 4TH |
Cincinnati Reds batting - Pitching for San Diego Padres : LHP Larry Tuckfard
|
Batting: RHB Mike Alm
|
0-0: Ball 1-0: Swinging Strike 1-1: Swinging Strike 1-2: Strikes out swinging
|
Batting: SHB Jun Tsuda
|
0-0: Ball 1-0: Swinging Strike 1-1: Ground out 5-3 (Groundball, 56, EV 86.9 MPH)
|
Batting: LHB Chris Grunwald
|
0-0: Called Strike 0-1: Swinging Strike 0-2: Fly out, F8 (Flyball, 8LXD, EV 93.8 MPH)
|
Bottom of the 4th over - 0 runs, 0 hits, 0 errors, 0 left on base; San Diego 4 - Cincinnati 0 |
TOP OF THE 5TH |
San Diego Padres batting - Pitching for Cincinnati Reds : LHP Dave Rivera
|
Batting: RHB Luis Torres
|
0-0: Called Strike 0-1: Called Strike 0-2: Foul Ball, location: 2F 0-2: Ball 1-2: Foul Ball, location: 2F 1-2: Ball 2-2: Ball 3-2: Foul Ball, location: 2F 3-2: Strikes out looking
|
Batting: LHB Kevin Bellman
|
0-0: Foul Ball, location: 2F 0-1: Swinging Strike 0-2: Ball 1-2: Ground out 6-3 (Groundball, 4M, EV 87.5 MPH)
|
Batting: RHB Drtian Thaqi
|
0-0: Ball 1-0: Fly out, F8 (Flyball, 8LM, EV 91.2 MPH)
|
Top of the 5th over - 0 runs, 0 hits, 0 errors, 0 left on base; San Diego 4 - Cincinnati 0 |
BOTTOM OF THE 5TH |
Cincinnati Reds batting - Pitching for San Diego Padres : LHP Larry Tuckfard
|
Batting: LHB Evan Torraville
|
0-0: Called Strike 0-1: Ball 1-1: Foul Ball, location: 2F 1-2: Strikes out swinging
|
Batting: RHB Juan Reyes
|
0-0: Swinging Strike 0-1: Foul Ball, location: 2F 0-2: Ball 1-2: Strikes out swinging
|
Batting: RHB Fred Slade
|
0-0: Called Strike 0-1: DOUBLE (Flyball, 8RXD, EV 98.8 MPH)
|
Batting: RHB Omar Quintana
|
0-0: Called Strike 0-1: Ball 1-1: DOUBLE (Flyball, 89D, EV 113.1 MPH) Fred Slade scores
|
Batting: SHB Saulo Maina
|
0-0: Ball 1-0: Ball 2-0: Foul Ball, location: 2F 2-1: Foul Ball, location: 2F 2-2: Ball 3-2: Strikes out swinging
|
Bottom of the 5th over - 1 run, 2 hits, 0 errors, 1 left on base; San Diego 4 - Cincinnati 1 |
TOP OF THE 6TH |
San Diego Padres batting - Pitching for Cincinnati Reds : LHP Dave Rivera
|
Pitching: RHP Robbie Delgado
|
|
Batting: RHB Jared Speck
|
0-0: Ball 1-0: Foul Ball, location: 2F 1-1: Called Strike 1-2: Fly out, F7 (Flyball, 78S, EV 87.5 MPH)
|
Batting: RHB Billy Crookston
|
0-0: Ball 1-0: Ground out 6-3 (Groundball, 6, EV 103.8 MPH)
|
Batting: RHB Hildo Pot
|
0-0: Ball 1-0: Ball 2-0: SINGLE (Line Drive, 34, EV 100.6 MPH)
|
Batting: RHB C.J. Beavers
|
0-0: Foul Ball, location: 2F 0-1: Foul Ball, location: 2F 0-2: Ball 1-2: Ball 2-2: Fly out, F6 (Line Drive, 6, EV 67.5 MPH)
|
Top of the 6th over - 0 runs, 1 hit, 0 errors, 1 left on base; San Diego 4 - Cincinnati 1 |
BOTTOM OF THE 6TH |
Cincinnati Reds batting - Pitching for San Diego Padres : LHP Larry Tuckfard
|
Batting: RHB Willie Lazcano
|
0-0: Ball 1-0: Swinging Strike 1-1: Ground out 1-3 (Groundball, P, EV 67.5 MPH)
|
Batting: RHB Mike Alm
|
0-0: Called Strike 0-1: Ball 1-1: Called Strike 1-2: Foul Ball, location: 2F 1-2: Ground out 6-3 (Groundball, 6, EV 82.5 MPH)
|
Batting: SHB Jun Tsuda
|
0-0: Foul Ball, location: 2F 0-1: Ball 1-1: Foul Ball, location: 2F 1-2: Ground out 6-3 (Groundball, 6, EV 83.8 MPH)
|
Bottom of the 6th over - 0 runs, 0 hits, 0 errors, 0 left on base; San Diego 4 - Cincinnati 1 |
TOP OF THE 7TH |
San Diego Padres batting - Pitching for Cincinnati Reds : RHP Robbie Delgado
|
Batting: RHB Kaeo Zirpoli
|
0-0: Called Strike 0-1: Called Strike 0-2: Foul Ball, location: 2F 0-2: Ball 1-2: Foul Ball, location: 2F 1-2: Foul Ball, location: 2F 1-2: SINGLE (Line Drive, 56, EV 95.0 MPH)
|
Batting: RHB Hugo Bautista
|
0-0: Called Strike 0-1: Ball 1-1: Ball 2-1: Fielders Choice at 2nd, 1-4 (Groundball, 15S, EV 67.5 MPH)
|
Batting: RHB Luis Torres
|
0-0: Fly out, F7 (Flyball, 78M, EV 77.5 MPH)
|
Batting: LHB Kevin Bellman
|
0-0: Ball 1-0: Ball 2-0: Ball 3-0: Called Strike 3-1: Called Strike 3-2: SINGLE (Groundball, 34D, EV 97.5 MPH) Hugo Bautista to second Hugo Bautista to third
|
Batting: RHB Drtian Thaqi
|
0-0: Foul Ball, location: 2F 0-1: DOUBLE (Line Drive, 89D, EV 108.8 MPH) Hugo Bautista scores Kevin Bellman to third Runner from 3rd tries for Home, SAFE, throw by RF to home
|
Batting: RHB Jared Speck
|
0-0: Ball 1-0: SINGLE (Flyball, 8RS, EV 93.8 MPH) Drtian Thaqi to third Runner from 3rd tries for Home, SAFE, throw by CF to home
|
Pitching: RHP Matt Flink
|
|
Batting: RHB Billy Crookston
|
0-0: Ball 1-0: Called Strike 1-1: Fly out, F5 (Popup, 5SF, EV 75.6 MPH)
|
Top of the 7th over - 3 runs, 4 hits, 0 errors, 1 left on base; San Diego 7 - Cincinnati 1 |
BOTTOM OF THE 7TH |
Cincinnati Reds batting - Pitching for San Diego Padres : LHP Larry Tuckfard
|
Batting: LHB Chris Grunwald
|
0-0: Ball 1-0: Ball 2-0: Swinging Strike 2-1: Ground out 5-3 (Groundball, 56S, EV 84.4 MPH)
|
Batting: LHB Evan Torraville
|
0-0: Ball 1-0: Foul Ball, location: 2F 1-1: Ball 2-1: Foul Ball, location: 2F 2-2: Ball 3-2: Strikes out swinging
|
Batting: RHB Juan Reyes
|
0-0: Ball 1-0: Foul Ball, location: 2F 1-1: Ball 2-1: Foul Ball, location: 2F 2-2: Foul Ball, location: 2F 2-2: Ground out 4-3 (Groundball, 6, EV 80.0 MPH)
|
Bottom of the 7th over - 0 runs, 0 hits, 0 errors, 0 left on base; San Diego 7 - Cincinnati 1 |
TOP OF THE 8TH |
San Diego Padres batting - Pitching for Cincinnati Reds : RHP Matt Flink
|
Batting: RHB Hildo Pot
|
0-0: Called Strike 0-1: Foul Ball, location: 2F 0-2: Ball 1-2: Ball 2-2: Ball 3-2: Strikes out swinging
|
Batting: RHB C.J. Beavers
|
0-0: Foul Ball, location: 2F 0-1: Ball 1-1: Foul Ball, location: 2F 1-2: Foul Ball, location: 2F 1-2: Ball 2-2: Ball 3-2: Foul Ball, location: 2F 3-2: Base on Balls
|
Batting: RHB Kaeo Zirpoli
|
0-0: Ball 1-0: Called Strike 1-1: Foul Ball, location: 2F 1-2: Strikes out swinging
|
Batting: RHB Hugo Bautista
|
0-0: Foul Ball, location: 2F 0-1: Foul Ball, location: 2F 0-2: Foul Ball, location: 2F 0-2: Foul Ball, location: 2F 0-2: Ball 1-2: DOUBLE (Groundball, 5L, EV 95.0 MPH) C.J. Beavers to third Runner from 3rd tries for Home, SAFE, throw by LF to trailing runner, SAFE at third!
|
Batting: LHB Mike Holt
|
0-0: Called Strike 0-1: Fly out, F8 (Flyball, 8RD, EV 102.5 MPH)
|
Top of the 8th over - 1 run, 1 hit, 0 errors, 1 left on base; San Diego 8 - Cincinnati 1 |
BOTTOM OF THE 8TH |
Cincinnati Reds batting - Pitching for San Diego Padres : LHP Larry Tuckfard
|
Batting: RHB Fred Slade
|
0-0: Foul Ball, location: 2F 0-1: Ground out 5-3 (Groundball, 56, EV 86.9 MPH)
|
Batting: RHB Omar Quintana
|
0-0: Ground out U3 (Groundball, 34S, EV 92.5 MPH)
|
Pinch Hitting: RHB Joseph Kirchmann
|
0-0: SINGLE (Line Drive, 8RS, EV 106.2 MPH)
|
Batting: RHB Willie Lazcano
|
0-0: Ground out 4-3 (Groundball, 4, EV 101.2 MPH)
|
Bottom of the 8th over - 0 runs, 1 hit, 0 errors, 1 left on base; San Diego 8 - Cincinnati 1 |
TOP OF THE 9TH |
San Diego Padres batting - Pitching for Cincinnati Reds : RHP Matt Flink
|
Now at 2B: Fred Slade
|
|
Now in RF: Joseph Kirchmann
|
|
Batting: LHB Kevin Bellman
|
0-0: Swinging Strike 0-1: Fly out, F8 (Line Drive, 8LD, EV 91.9 MPH)
|
Batting: RHB Drtian Thaqi
|
0-0: Called Strike 0-1: Ball 1-1: Called Strike 1-2: Ball 2-2: Foul Ball, location: 2F 2-2: Strikes out swinging
|
Batting: RHB Jared Speck
|
0-0: Ball 1-0: Called Strike 1-1: Foul Ball, location: 2F 1-2: Ground out 6-3 (Groundball, 56, EV 88.8 MPH)
|
Top of the 9th over - 0 runs, 0 hits, 0 errors, 0 left on base; San Diego 8 - Cincinnati 1 |
BOTTOM OF THE 9TH |
Cincinnati Reds batting - Pitching for San Diego Padres : LHP Larry Tuckfard
|
Pitching: LHP Dae-Jung Cho
|
|
Batting: RHB Mike Alm
|
0-0: DOUBLE (Flyball, 8LXD, EV 111.2 MPH)
|
Batting: SHB Jun Tsuda
|
0-0: Called Strike 0-1: Ball 1-1: Swinging Strike 1-2: Strikes out swinging
|
Batting: LHB Chris Grunwald
|
0-0: Foul Ball, location: 2F 0-1: Called Strike 0-2: Ball 1-2: Ball 2-2: Foul Ball, location: 2F 2-2: Strikes out swinging
|
Batting: LHB Evan Torraville
|
0-0: Swinging Strike 0-1: Ball 1-1: Ground out 4-3 (Groundball, 4, EV 88.1 MPH)
|
Bottom of the 9th over - 0 runs, 1 hit, 0 errors, 1 left on base; San Diego 8 - Cincinnati 1 |
|